 Dungeon Crawl Stone Soup version 0.30-a0-986-g7f2e898f52 (webtiles) character file.

Game seed: 5916571226928332699

74 Demosthentine the Poker (level 4, 0/34 HPs)
             Began as a Demonspawn Gladiator on Apr 2, 2023.
             Killed by divine providence
             ... invoked by an orc priest
              (14 damage)
             ... on level 2 of the Dungeon.
             The game lasted 00:01:09 (740 turns).

Demosthentine the Poker (Demonspawn Gladiator)       Turns: 740, Time: 00:01:09

Health: 0/34       AC:  4    Str: 17    XL:     4   Next: 10%
Magic:  4/4        EV: 12    Int:  9    God:
Gold:   25         SH:  0    Dex: 14    Spells: 3/3 levels left

rFire   + . .      SeeInvis .    a - +1 trident
rCold   + . .      Faith    .    (no shield)
rNeg    . . .      Spirit   .    b - +0 leather armour
rPois   +          Reflect  .    c - +0 helmet
rElec   +          Rampage  .    (no cloak)
rCorr   +                        (no gloves)
Will    .....                    (no boots)
Stlth   +                        (no amulet)
HPRegen 0.25/turn                (no ring)
MPRegen 0.09/turn                (no ring)

@: resistant
A: spiny 1, demonic touch 1
a: no special abilities


You were on level 2 of the Dungeon.
You visited 1 branch of the dungeon, and saw 2 of its levels.

You collected 25 gold pieces.

Inventory:

Hand Weapons
 a - a +1 trident (weapon)
Missiles
 d - 3 throwing nets (quivered)
 e - a javelin
Armour
 b - a +0 leather armour (worn)
 c - a +0 helmet (worn)
Scrolls
 f - a scroll of enchant weapon
 h - a scroll of teleportation
Potions
 g - a potion of flight {unknown}
 i - a potion of invisibility {unknown}
 j - a potion of resistance


   Skills:
 + Level 2.7 Fighting
 + Level 3.2 Polearms
 - Level 1.7 Throwing
 + Level 1.5 Armour
 + Level 3.2 Dodging


You had 3 spell levels left.
You didn't know any spells.
Your spell library was empty.

Dungeon Overview and Level Annotations

Branches:
Dungeon (2/15)

Altars:


Innate Abilities, Weirdness & Mutations

You are partially covered in sharp spines.
Your touch may inflict minor irresistible damage on your foes.


Message History

Aim: an orc, wielding a +0 short sword (about 40% to evade your +1 trident)
You reach to attack!
You hit the orc.
The orc is severely wounded.
You hear some strange, mumbled words.
A magic dart appears from out of thin air!
The magic dart hits you.
Reach: a) +1 trident
Press: ? - help, Dir - move target, f - orc priest, p - orc
Aim: an orc priest, wielding a +0 dagger and wearing a +0 leather armour (moderately wounded, about 40% to evade your +1 trident)
Something you can't see is in the way.
You hit something. Something hits you.
Unknown command.
Reach: a) +1 trident
Press: ? - help, Dir - move target, f - orc
Aim: an orc, wielding a +0 short sword (severely wounded, about 40% to evade your +1 trident)
Something you can't see is in the way.
You hit something.
Reactivating autopickup.
You feel a bit more experienced.
You have reached level 4!
You feel stronger.
Your demonic ancestry asserts itself...
Your hands begin to faintly glow with unholy energy.
Reach: a) +1 trident
Press: ? - help, Dir - move target, f - orc priest, p - orc
Aim: an orc priest, wielding a +0 dagger and wearing a +0 leather armour (moderately wounded, about 40% to evade your +1 trident)
You reach to attack!
You puncture the orc priest!
The orc priest is severely wounded.
The orc is struck by your spines.
You kill the orc!
It was a potion of resistance.
You feel protected.
The orc priest looks encouraged for a moment.
The orc closely misses you.
Unknown command.
Reach: a) +1 trident
Press: ? - help, Dir - move target, f/p - orc priest
Aim: an orc priest, wielding a +0 dagger and wearing a +0 leather armour (severely wounded, about 40% to evade your +1 trident)
You reach to attack!
You closely miss the orc priest.
The orc priest is severely wounded.
The orc priest mumbles some strange prayers to Beogh against you.
Beogh smites you!
You die...

#............... ...
................ #......
.................#......
!................#......
...##.......#.....(....
#.......#..........
#.o................
##o#..[............ .
######@#...............
..#....(.#...............
.........#.........#)..##
........##..........†....
........##...............
........##...............
.........................
.......).................
.........................


You could see an orc priest and an orc.

Vanquished Creatures
  An orc wizard (D:2)
  A dart slug (D:1)
  2 orcs (D:2)
  A ball python (D:1)
  3 endoplasms
  4 giant cockroaches
  8 goblins
  2 hobgoblins
  4 jackals (D:2)
  3 kobolds (D:1)
  3 quokkas (D:1)
  A bat (D:1)
  3 frilled lizards (D:1)
  5 rats
41 creatures vanquished.

Notes
Turn   | Place    | Note
-------+----------+-------------------------------------------
     0 | D:1      | Demosthentine the Demonspawn Gladiator began the quest for
                  | the Orb.
     0 | D:1      | Reached XP level 1. HP: 16/16 MP: 1/1
   110 | D:1      | Gained mutation: You are partially covered in sharp spines.
                  | [demonic ancestry]
   110 | D:1      | Reached XP level 2. HP: 22/22 MP: 2/2
   400 | D:1      | Reached skill level 1 in Armour
   504 | D:1      | Reached XP level 3. HP: 28/28 MP: 3/3
   576 | D:1      | Found a faded altar of an unknown god.
   738 | D:2      | Gained mutation: Your touch may inflict minor irresistible
                  | damage on your foes. [demonic ancestry]
   738 | D:2      | Reached XP level 4. HP: 13/34 MP: 4/4
   740 | D:2      | Killed from afar by an orc priest

Illustrated notes

Levels and vault maps discovered:
D:1:      lightli_arrival_chessboard, layout_loops_ring,
          shapermc_ecumenical_altar_hornbeckon
D:2:      layout_basic, serial_park_tiny_pond

Skill      XL: |  1  2 |
---------------+-------+-----
Polearms       | 3 |  3.2
Dodging        | 3 |  3.2
Armour         | 1 |  1.5
Fighting       | |  2.7
Throwing       | |  1.7

Action                     |  1- 3 |  4- 6 || total
---------------------------+-------+-------++-------
  Melee: Trident           |    80 |     2 ||    82
    Use: Scroll            |     3 |       ||     3
         Potion            |       |     1 ||     1
 Armour: Leather armour    |    15 |       ||    15
  Dodge: Dodged            |    27 |     1 ||    28

Table legend: (Time is in decaauts)
 A = Elapsed time spent in this place.
 B = Non-inter-level travel time spent in this place.
 C = Inter-level travel time spent in this place.
 D = Time resting spent in this place.
 E = Time spent auto-exploring this place.
 F = Levels seen in this place.
 G = Mean time per level.
                   A        B        C        D        E       F      G
               +--------+--------+--------+--------+--------+-----+--------+
         Total |    755 |    747 |      8 |      0 |    548 |   2 |  377.5 |
       Dungeon |    755 |    747 |      8 |      0 |    548 |   2 |  377.5 |
               +--------+--------+--------+--------+--------+-----+--------+

Top non-repeatable levels by time:
     D:1: 606 daAuts
     D:2: 149 daAuts
